Description

epic build

VOD

https://www.youtube.com/watch?v=WX0rA7j-BWA

Build Order

Get SALT Encoding   

  14  0:18  Pylon  
  16  0:36  Gateway  
  17  0:46  Assimilator  
  20  1:22  Cybernetics Core  
  20  1:35  Nexus  chrono when it finishes
  20  1:42  Pylon  
  21  1:50  Assimilator  
  22  2:01  Adept (Chrono Boost)  chrono probes too
  26  2:22  Adept  
  28  2:23  Stargate  
  29  2:32  Warp Gate  
  32  2:52  Adept  
  36  3:06  Phoenix (Chrono Boost)  
  38  3:09  Pylon  
  42  3:24  Gateway  
  44  3:27  Phoenix  
  46  3:37  Assimilator  SATURATE IT
  47  3:40  Robotics Facility  
  48  3:49  Phoenix  
  51  3:53  Assimilator  SATURATE IT
  51  3:54  Pylon  
  54  4:07  Pylon  
  54  4:13  Phoenix  
  59  4:27  Observer (Chrono Boost)  
  60  4:31  Robotics Bay  
  60  4:41  Immortal  stop probe production
  64  4:48  Phoenix  
  66  4:50  Nexus  
  66  4:54  Pylon  make probes again
  68  5:06  Pylon  
  68  5:14  Phoenix  
  72  5:17  Colossus  
  80  5:32  Extended Thermal Lance  
  80  5:37  Shield Battery  
Spawning Tool Build Advisor. Get it on Overwolf

Go to:

Details

  • Created by: Sentryyy1
  • Published on: Oct 17, 2024
  • Modified on: Oct 17, 2024
  • Patch: 5.0.11
  • Difficulty: Medium
Show
View Real Time Build Order
Export as new Build Order

Comments (0)

There are no comments. Be the first!

Create an account to comment!